 Dungeon Crawl Stone Soup version 0.23.2-33-g5129a83184 (webtiles) character file.

Game seed: 12557820147363151615

122 FishyPogo the Insei (level 4, -3/36 HPs)
             Began as a Draconian Transmuter on Aug 9, 2019.
             Was a Follower of Zin.
             Slain by an orc priest
             ... wielding a +0 war axe
              (8 damage)
             ... on level 3 of the Dungeon.
             The game lasted 00:05:46 (1993 turns).

FishyPogo the Insei (Draconian Transmuter)          Turns: 1993, Time: 00:05:47

Health: -3/36      AC:  8    Str: 12    XL:     4   Next: 78%
Magic:  10/16      EV: 12    Int: 14    God:    Zin [*.....]
Gold:   130        SH:  0    Dex: 12    Spells: 5/8 levels left

rFire    . . .     SeeInvis .   a - +4 dagger
rCold    . . .     Gourm    .   (no shield)
rNeg     . . .     Faith    .   (armour unavailable)
rPois    .         Spirit   .   (helmet restricted)
rElec    .         Reflect  .   s - +1 cloak
rCorr    .         Harm     .   (no gloves)
MR       .....                  p - +0 pair of boots
Stlth    +.........             (no amulet)
HPRegen  0.12/turn              f - ring of magical power
MPRegen  0.15/turn              (no ring)

@: no status effects
A: unfitting armour, cold-blooded, AC +5
a: Recite, Donate Gold, Renounce Religion


You were on level 3 of the Dungeon.
You worshipped Zin.
Zin was aware of your devotion.
You were not hungry.

You visited 1 branch of the dungeon, and saw 3 of its levels.

You collected 144 gold pieces.
You donated 14 gold pieces to Zin.

Inventory:

Hand Weapons
 a - a +4 dagger (weapon)
Missiles
 d - 49 arrows
 i - 97 stones (quivered)
Armour
 o - a scarf of resistance
 p - a +0 pair of boots (worn)
 s - a +1 cloak (worn)
Jewellery
 f - a ring of magical power (left hand)
Scrolls
 e - 5 scrolls of identify {unknown}
 h - 4 scrolls of teleportation {unknown}
 j - a scroll of remove curse {unknown}
 k - a scroll of noise {unknown}
 n - a scroll of random uselessness {unknown}
 r - a scroll of immolation {unknown}
Potions
 b - 3 potions of curing {unknown}
 g - 2 potions of degeneration {unknown}
 l - a potion of lignification {unknown}
 m - a potion of agility {unknown}
 q - a potion of haste {unknown}
 t - a potion of brilliance {unknown}
Comestibles
 c - 6 rations
 u - 7 chunks of flesh


   Skills:
 + Level 2.0 Fighting
 + Level 2.4 Dodging
 * Level 3.9 Unarmed Combat
 + Level 2.5 Spellcasting
 * Level 3.0 Transmutations


You had 5 spell levels left.
You knew the following spells:

 Your Spells              Type           Power        Failure   Level  Hunger
a - Beastly Appendage     Tmut           ##....       7%          1    #......
b - Sticks to Snakes      Tmut           ##......     10%         2    ###....

Your spell library contained the following spells:

 Spells                   Type           Power        Failure   Level  Hunger
 Spider Form              Tmut/Pois      #.........   36%         3    ###....
 Ice Form                 Ice/Tmut       #.......     77%         4    #####..
 Blade Hands              Tmut           ##........   88%         5    ######.


Dungeon Overview and Level Annotations

Branches:
Dungeon (3/15)

Altars:
Zin

Annotations:
D:3 Grinder


Innate Abilities, Weirdness & Mutations

Your plain brown scales are hard. (AC +5)
You cannot fit into any form of body armour.
You are cold-blooded and may be slowed by cold attacks.


Message History

The orc priest barely misses your ball python.
The orc priest hits your ball python with a +0 war axe.
Your ball python bites the orc wizard but does no damage.
Your ball python constricts the orc wizard.
The orc wizard closely misses your ball python.
Grinder says, "Tell me all your secrets, or I'll kill you."
Grinder gestures at you.
Your ball python suddenly stops moving!
Your ball python bites the orc wizard but does no damage.
You hit the orc wizard.
You kill the orc wizard!
Your Fighting skill increases to level 2!
Your Transmutations skill increases to level 3!
Grinder hits your ball python!
Your ball python dies!
The orc priest barely misses your ball python.
Grinder hits your ball python.
Your ball python dies!
The orc priest hits you with a +0 war axe!
You die...

#######<.. #........#
.......... +.>......#
...# #....)...# ...#
#........# ...#
#.รท......# ...#
#........# ...#
#........# ...#
#........#
...#############@)......#
#..........>...oS####+###
#.##############5# #.#
.og. #.# ...).# #.#
......# #.# .......# #.#
........# #.# .###....##


You could see Grinder, an orc priest, an orc, a goblin and a friendly ball
python.

Vanquished Creatures
  An orc wizard (D:3)
  A worker ant (D:3)
  A gnoll (D:1)
  3 adders
  2 dart slugs
  A ball python (D:3)
  3 goblins
  3 hobgoblins
  3 jackals (D:1)
  3 quokkas
  4 bats
  3 frilled lizards
  4 kobolds
  6 rats
38 creatures vanquished.

Vanquished Creatures (collateral kills)
  2 orcs (D:3)
  2 giant cockroaches (D:3)
  A rat (D:3)
5 creatures vanquished.

Grand Total: 43 creatures vanquished

Notes
Turn   | Place    | Note
-------+----------+-------------------------------------------
     0 | D:1      | FishyPogo the Draconian Transmuter began the quest for the
                  | Orb.
     0 | D:1      | Reached XP level 1. HP: 16/16 MP: 3/3
   202 | D:1      | Reached XP level 2. HP: 23/23 MP: 3/5
   827 | D:2      | Reached XP level 3. HP: 28/28 MP: 6/6
  1050 | D:2      | Found a glowing silver altar of Zin.
  1060 | D:2      | Became a worshipper of Zin the Law-Giver
  1199 | D:2      | Learned a level 2 spell: Sticks to Snakes
  1853 | D:3      | Reached XP level 4. HP: 21/36 MP: 7/7
  1892 | D:3      | Reached * piety under Zin
  1975 | D:3      | Noticed Grinder
  1993 | D:3      | Slain by an orc priest

Skill      XL: |  1  2  3  4 |
---------------+-------------+-----
Dodging        | 2 |  2.4
Fighting       | 2 |  2.0
Transmutations | 3 |  3.0
Unarmed Combat | |  3.9
Spellcasting   | |  2.5

Action                   |  1- 3 |  4- 6 || total
-------------------------+-------+-------++-------
Melee: Unarmed           |    46 |       ||    46
       Kick              |     6 |       ||     6
       Headbutt          |     4 |       ||     4
       Tailslap          |     7 |     2 ||     9
       Dagger            |    46 |    15 ||    61
 Cast: Beastly Appendage |    11 |       ||    11
       Sticks to Snakes  |     1 |    10 ||    11
  Eat: Chunk             |     2 |     2 ||     4
Armor: Skin              |    29 |     7 ||    36
Dodge: Dodged            |    52 |    11 ||    63
